AoeStats
← Joaking

African Clearing

504664864Analyzed
4v4 RM · 26d ago on Sep 6, 2026· 37m 42s· 8 players
Game mode
Random Map
Map size
Large (8 player)
Population
200
Speed
Normal
Resources
Standard
Victory
Conquest
Starting age
Dark Age
Ending age
Imperial Age
RankedLock teamsTeams togetherTeam positionsShared explorationLock speedFull tech treeHidden civsTurbo modeCheats
Victory
Defeat
🇹🇷 Saracens · Türkiye
1096
+13
🇨🇳 Cumans · China
1066
+14
🇨🇳 Turks · China
1051
+15
🇷🇺 Saracens · Russia
1050
+15
🇦🇷 Tupi · Argentina
1050
-38
🇨🇱 Khmer · Chile
1049
-15
🇦🇷 Britons · Argentina
1019
-14
🇦🇷 Persians · Argentina
994
-13
Joaking
7:51 Loom
17:38 Feudal Age
23:38 Castle Age
24:41 Bloodlines
24:32 Husbandry
27:18 Scale Barding Armor
32:29 Double-Bit Axe
32:31 Horse Collar
37:29 Imperial Age
H0TM1ILK
11:31 Loom
13:16 Feudal Age
14:37 Double-Bit Axe
25:51 Castle Age
25:13 Fletching
26:14 Gold Mining
26:27 Crossbowman
27:07 Bodkin Arrow
32:37 Bow Saw
33:55 Padded Archer Armor
LA FUCKING CABRA
12:36 Loom
14:22 Feudal Age
20:30 Castle Age
19:39 Horse Collar
20:31 Scale Barding Armor
20:49 Bloodlines
22:35 Husbandry
23:16 Chain Barding Armor
23:37 Husbandry
24:05 Double-Bit Axe
27:13 Gold Mining
27:36 Forging
33:54 Heavy Plow
35:39 Bow Saw
EL MALEVO
8:00 Loom
14:54 Feudal Age
14:59 Champi Runner
17:33 Arson
19:43 Wheelbarrow
20:59 Forging
23:13 Horse Collar
23:24 Double-Bit Axe
23:47 Scale Mail Armor
24:41 Padded Archer Armor
28:03 Gold Mining
28:07 Stone Mining
31:34 Castle Age
Thanos
3:28 Loom
14:52 Feudal Age
17:40 Horse Collar
21:38 Castle Age
20:28 Double-Bit Axe
23:16 Stone Mining
31:44 Wheelbarrow
31:12 Heavy Plow
32:09 Forging
32:30 Scale Barding Armor
36:20 Imperial Age
34:15 Hand Cart
36:20 Iron Casting
36:05 Chain Barding Armor
37:09 Bloodlines
37:01 Husbandry
36:23 Elite Mameluke
37:24 Bow Saw
小子欸别跑
15:00 Feudal Age
19:13 Castle Age
17:35 Stone Mining
17:33 Double-Bit Axe
19:05 Horse Collar
23:50 Loom
26:11 Wheelbarrow
32:11 Hand Cart
31:42 Town Watch
33:05 Heavy Plow
33:18 Bow Saw
35:45 Imperial Age
37:35 Conscription
37:41 Conscription
36:43 Elite Janissary
新手村天幕星
13:29 Feudal Age
15:51 Loom
15:51 Town Watch
16:42 Wheelbarrow
16:06 Double-Bit Axe
23:34 Gold Mining
27:14 Castle Age
25:33 Scale Barding Armor
25:38 Forging
25:41 Bloodlines
29:07 Chain Barding Armor
29:25 Iron Casting
34:31 Horse Collar
35:05 Bow Saw
35:14 Heavy Plow
35:07 Stone Mining
35:57 Gold Shaft Mining
eXorcist
5:34 Loom
16:28 Feudal Age
20:19 Castle Age
20:32 Fletching
27:47 Scale Barding Armor
28:22 Forging
Connection lost

Rejoining the realm…

Still unreachable

The connection could not be restored.

Session expired

The server has moved on; the page needs a fresh start.